 Dungeon Crawl Stone Soup version 0.30.0-5-g1a98f26d00 (webtiles) character file.

Game seed: 7733808456814655369

25944 konerai the Executioner (level 12, -2/110 HPs)
             Began as a Minotaur Monk on May 12, 2023.
             Was a High Priest of Lugonu.
             Slain by a swamp worm (4 damage)
             ... called by a spriggan druid
             ... on level 1 of the Swamp.
             The game lasted 00:51:14 (13494 turns).

konerai the Executioner (Minotaur Monk)            Turns: 13494, Time: 00:51:15

Health: -2/110     AC: 18    Str: 20    XL:     12   Next: 94%
Magic:  11/11      EV: 13    Int:  7    God:    Lugonu [*****.]
Gold:   2089       SH:  5    Dex: 20    Spells: 11/11 levels left

rFire   . . .        i - +4 executioner's axe (freeze)
rCold   . . .        (shield currently unavailable)
rNeg    . . .        G - +0 scale mail of Mala {+Inv rPois}
rPois   +            (helmet restricted)
rElec   .            L - +2 cloak
rCorr   +            O - +2 pair of gloves
SInv    .            Q - +1 pair of boots of the Iron City of Dis {+Inv rPois Will- Dex+6}
Will    .....        a - amulet of reflection
Stlth   +            p - ring of resist corrosion
HPRegen 0.38/turn    y - ring of poison resistance
MPRegen 0.12/turn

%: reflection
@: no status effects
A: horns 2, retaliatory headbutt
a: Renounce Religion, Evoke Invisibility, Depart the Abyss, Banish, Corrupt,
Enter the Abyss


You were on level 1 of the Swamp.
You worshipped Lugonu.
Lugonu was extremely pleased with you.
You visited 5 branches of the dungeon, and saw 15 of its levels.

You collected 2089 gold pieces.

Inventory:

Hand Weapons
 i - a +4 executioner's axe of freezing (weapon)
 H - a +3 battleaxe
 N - a +7 battleaxe of protection
Missiles
 d - 3 curare-tipped darts
 f - 14 poisoned darts (quivered)
 R - a throwing net
Armour
 h - a +0 scale mail of cold resistance
 z - a +0 chain mail
 G - the +0 scale mail of Mala (worn) {+Inv rPois}
   (You found it on level 2 of the Lair of Beasts)

   rPois:     It protects you from poison.
   +Inv:      It lets you turn invisible.
 I - a +0 kite shield
 L - a +2 cloak (worn)
 O - a +2 pair of gloves (worn)
 Q - the +1 pair of boots of the Iron City of Dis (worn) {+Inv rPois Will- Dex+6}
   (You found it on level 9 of the Dungeon)

   Dex:       It affects your dexterity (+6).
   rPois:     It protects you from poison.
   +Inv:      It lets you turn invisible.
   Will:      It decreases your willpower.
Jewellery
 a - an amulet of reflection (around neck)
 l - an amulet of the acrobat
 p - a ring of resist corrosion (left hand)
 y - a ring of poison resistance (right hand)
 B - a ring of fire
Wands
 o - a wand of flame (41)
 v - a wand of roots (9)
 A - a wand of light (15)
 J - a wand of polymorph (6)
Scrolls
 b - 2 scrolls of magic mapping
 g - 5 scrolls of teleportation
 q - 2 scrolls of fear
 r - 3 scrolls of fog
 u - a scroll of amnesia
 w - 3 scrolls of poison
 D - a scroll of butterflies
 K - a scroll of identify
 P - a scroll of noise {unknown}
Potions
 c - 4 potions of ambrosia
 e - 3 potions of haste
 j - 3 potions of invisibility
 k - 4 potions of berserk rage
 m - 6 potions of might
 n - a potion of mutation
 t - a potion of lignification
 C - 3 potions of degeneration
 E - a potion of cancellation
 F - 3 potions of brilliance
 M - a potion of flight
 S - a potion of resistance


   Skills:
 + Level 11.1 Fighting
 * Level 21.2 Axes
 + Level 7.6 Throwing
 + Level 9.9 Armour
 + Level 5.9 Dodging
 + Level 1.5 Stealth
 + Level 3.1 Shields


You had 11 spell levels left.
You didn't know any spells.
Your spell library contained the following spells:

 Spells                   Type           Power      Damage    Failure   Level
 Kiss of Death            Conj/Necr      0%         2d5       73%         1
 Magic Dart               Conj           0%         1d3       73%         1
 Call Imp                 Summ           0%         N/A       86%         2
 Confusing Touch          Hex            0%         N/A       97%         3
 Mephitic Cloud           Conj/Pois/Air  0%         N/A       97%         3
 Vhi's Electric Charge    Tloc/Air       0%         N/A       97%         3
 Dispel Undead            Necr           0%         3d6       100%        4
 Arcjolt                  Conj/Air       0%         1d10      100%        5
 Summon Forest            Summ/Tloc      0%         N/A       100%        5
 Eringya's Noxious Bog    Tmut/Pois      0%         N/A       100%        6
 Plasma Beam              Fire/Air       0%         2x1d11    100%        6
 Summon Hydra             Summ           0%         N/A       100%        7


Dungeon Overview and Level Annotations

Branches:
Dungeon (10/15)            Temple (1/1) D:6            Lair (2/5) D:10
  Swamp (1/4) Lair:2        Snake (1/4) Lair:2          Orc (0/2) D:10

Altars:
Ashenzari
Cheibriados
Dithmenos
Elyvilon
Fedhas
Gozag
Hepliaklqana
Kikubaaqudgha
Makhleb
Nemelex Xobeh
Okawaru
Qazlal
Ru
Sif Muna
Trog
Uskayaw
Vehumet
Wu Jian
Xom
Yredelemnul
Zin
The Shining One
Lugonu

Shops:
D:2 *   D:4 :   D:9 (   D:10 *

Portals:
Trove: D:10 (give 17 scrolls of teleportation)

Annotations:
D:6 2 runed translucent doors, mpzz's ghost, novice SpEn
D:10 2 transporters, Kenran's ghost, journeyman GrMo
Swamp:1 Roxanne; Vudadgh's ghost, adept HuWr


Innate Abilities, Weirdness & Mutations

You have a pair of horns on your head.
You reflexively headbutt those who attack you in melee.


Message History

The spriggan rider is heavily wounded.
You block the spriggan rider's attack.
You closely miss the spriggan rider.
The spriggan rider is heavily wounded.
You kill the hornet!
Lugonu accepts your kill.
The spriggan falls from its now dead mount.
The spriggan rider hits you from afar with a +2 heavy spear!!
* * * LOW HITPOINT WARNING * * *
The spriggan rider hits you from afar with a +0 spear!
* * * LOW HITPOINT WARNING * * *
Your Shields skill increases to level 3!
Okay, then.
Blink to where?
Press: ? - help, Dir - move target, p - spriggan
As you read the scroll of blinking, it crumbles to dust.
As you read the scroll of teleportation, it crumbles to dust.
You feel strangely unstable.
Your surroundings suddenly seem different.
Splash!
You fall into the shallow water.
Moving in this stuff is going to be slow.
A spriggan druid comes into view. It is wielding a +0 quarterstaff.
The spriggan druid shouts!
The spriggan druid moves out of view.
As you read the scroll of brand weapon, it crumbles to dust.
Your +4 executioner's axe of flaming is covered with a thin layer of ice!
i - a +4 executioner's axe of freezing (weapon)
The spriggan druid calls out to the beasts of the wild!
A swamp worm comes into view.
The swamp worm fires a harpoon shot at you.
The harpoon shot hits you!
* * * LOW HITPOINT WARNING * * *
You are yanked forward by the harpoon shot.
Splash!
You fall into the shallow water.
Moving in this stuff is going to be slow.
A swamp worm comes into view.
The swamp worm bites you.
You die...

..~.~~♣ ♣.~..~~ ......~
~~~.§~~ .~...~~ ~...~~~
..~~.~~~~..§ ~.~~~
..~~.~~~~~.. §~~
.~...~~~~~~.♣ ~
♣~♣♣...~~~~~~..♣♣♣♣♣ ♣♣§.
♣~w~..~~~.~~~~.~...♣ .♣♣~..
♣♣♣@~~.....~~~..~~.~
~~~~..♣ ♣~~~~.~~....~~.~~~.
~~~..~~♣♣.i~~~♣.....~....~.
~§~.♣~.......~♣..~~~~~..).~
~~~~....~.......~~~~~~~)~~~
♣.§§~~...~~..~~~~~~~~~~~~
♣..~~...~~~.~~~.~~~~~~~~~
♣♣♣.w~♣♣~§~.~§~.~~~~~†~.†
♣~♣♣♣♣~..♣.~~..~~~~~†.♣


You could see a spriggan druid and 2 swamp worms.

Vanquished Creatures
  Mlioglotl (Swamp:1)
  An eleionoma (Swamp:1)
  A hydra (Swamp:1)
  A two-headed ogre (D:10)
  An alligator (Swamp:1)
  A catoblepas (Lair:2)
  5 death yaks (Lair:1)
  Urug (D:10)
  3 goliath frogs (Swamp:1)
  A swamp dragon (Swamp:1)
  A bog body (Lair:2)
  Pikel (D:8)
  A will-o-the-wisp (Swamp:1)
  Maurice (D:8)
  2 cane toads
  A gargoyle (D:10)
  Maggie (Lair:1)
  2 komodo dragons (Lair:1)
  A troll (D:9)
  4 hornets
  Prince Ribbit (D:5)
  5 blink frogs (Lair:1)
  Grinder (D:4)
  2 shadows
  6 slime creatures (D:7)
  A spriggan (Swamp:1)
  6 humans (D:7)
  A wyvern (Lair:2)
  A vampire (D:10)
  11 yaks
  2 vampire mosquitoes (Swamp:1)
  2 basilisks (Lair:1)
  Edmund (D:5)
  2 acid dragons (D:9)
  3 nagas (Lair:2)
  3 swamp worms (Swamp:1)
  3 wargs (D:10)
  3 water moccasins (Lair:1)
  An orc warrior (D:9)
  A sky beast (D:6)
  2 black bears
  3 ogres
  3 centaurs
  A phantom (D:5)
  2 kobold brigands
  8 bullfrogs
  6 gnoll sergeants
  2 scorpions
  12 wights
  9 killer bees
  A howler monkey (D:8)
  4 hounds
  7 orc priests
  5 jellies
  Crazy Yiuf (D:4)
  A gnoll bouda (D:8)
  3 sleepcaps
  An iguana (D:7)
  7 orc wizards
  A mummy (D:9)
  29 gnolls
  3 adders
  A shadow imp (D:7)
  A white imp (D:6)
  An ufetubus (D:5)
  2 worms (D:2)
  2 dart slugs (D:4)
  45 orcs
  8 endoplasms
  2 giant cockroaches
  7 hobgoblins
  13 kobolds
  2 quokkas
  6 ball pythons
  20 bats
  3 frilled lizards
  6 goblins
  8 rats
325 creatures vanquished.

Vanquished Creatures (others)
  4 foxfires (Swamp:1)
4 creatures vanquished.

Grand Total: 329 creatures vanquished

Notes
Turn   | Place    | Note
-------+----------+-------------------------------------------
     0 | D:1      | konerai the Minotaur Monk began the quest for the Orb.
     0 | D:1      | Reached XP level 1. HP: 19/19 MP: 0/0
    36 | D:1      | Reached XP level 2. HP: 20/27 MP: 1/1
   155 | D:1      | Reached skill level 4 in Axes
   222 | D:1      | You fall into a shaft and drop 1 floor!
   459 | D:1      | Reached XP level 3. HP: 33/34 MP: 2/2
   832 | D:2      | Found Ontukk's Assorted Antiques.
  1152 | D:2      | Reached XP level 4. HP: 39/41 MP: 3/3
  1354 | D:3      | Found a shimmering blue altar of Sif Muna.
  1400 | D:3      | Found a shimmering altar of Xom.
  1418 | D:3      | Found a hide-covered altar of Uskayaw.
  1419 | D:3      | Found a shadowy altar of Dithmenos.
  1630 | D:3      | Reached skill level 5 in Axes
  1976 | D:3      | Identified a scroll of acquirement
  1976 | D:3      | Acquired a manual of Axes
  2153 | D:4      | Noticed an ogre
  2162 | D:4      | Reached XP level 5. HP: 47/47 MP: 4/4
  2164 | D:4      | Killed an ogre
  2165 | D:4      | Reached skill level 5 in Fighting
  2165 | D:4      | Reached skill level 6 in Axes
  2165 | D:4      | Reached skill level 1 in Armour
  2208 | D:4      | Found Ykhluecvu's Tiny Tomes.
  2231 | D:4      | Reached skill level 7 in Axes
  2231 | D:4      | Reached XP level 6. HP: 55/56 MP: 5/5
  2257 | D:4      | Noticed Grinder
  2266 | D:4      | Paralysed by Grinder for 2 turns
  2276 | D:4      | Killed Grinder
  2277 | D:4      | Reached skill level 9 in Axes
  2567 | D:4      | Reached XP level 7. HP: 58/61 MP: 6/6
  2600 | D:4      | Reached skill level 1 in Throwing
  2873 | D:4      | Reached skill level 10 in Axes
  3142 | D:4      | Found a runed translucent door.
  3143 | D:4      | Noticed Crazy Yiuf
  3155 | D:4      | Killed Crazy Yiuf
  3305 | D:5      | Entered Level 5 of the Dungeon
  3305 | D:5      | Noticed Prince Ribbit
  3327 | D:5      | Killed Prince Ribbit
  3328 | D:5      | Reached skill level 11 in Axes
  3328 | D:5      | Reached XP level 8. HP: 55/69 MP: 7/7
  3614 | D:5      | Reached skill level 12 in Axes
  3936 | D:5      | Reached skill level 13 in Axes
  4151 | D:5      | Found a white marble altar of Elyvilon.
  4183 | D:5      | Noticed Edmund
  4197 | D:5      | Killed Edmund
  4499 | D:5      | Reached skill level 14 in Axes
  4524 | D:5      | Found a sparkling altar of Nemelex Xobeh.
  4557 | D:5      | Found a blossoming altar of Fedhas.
  5020 | D:6      | Found a glowing silver altar of Zin.
  5038 | D:6      | Found a stormy altar of Qazlal.
  5053 | D:6      | Reached skill level 5 in Armour
  5060 | D:6      | Found a staircase to the Ecumenical Temple.
  5074 | Temple   | Entered the Ecumenical Temple
  5104 | Temple   | Became a worshipper of Lugonu the Unformed
  5104 | Temple   | Reached * piety under Lugonu
  5104 | Temple   | Reached ** piety under Lugonu
  5289 | D:6      | Reached XP level 9. HP: 75/75 MP: 8/8
  5294 | D:6      | Reached skill level 5 in Dodging
  5448 | D:6      | Found a large runed translucent door.
  5450 | D:6      | Found a large runed translucent door.
  5475 | D:6      | Noticed mpzz's ghost (novice SpEn)
  6066 | D:7      | Reached skill level 15 in Axes
  6360 | D:7      | Reached skill level 16 in Axes
  6749 | D:7      | Reached XP level 10. HP: 81/86 MP: 9/9
  7056 | D:7      | Found a radiant altar of Vehumet.
  7067 | D:7      | Reached skill level 17 in Axes
  7076 | D:7      | Reached *** piety under Lugonu
  7083 | D:7      | HP: 4/88 [large slime creature (7)]
  7437 | D:7      | Found a burning altar of Makhleb.
  7581 | D:8      | Noticed Maurice
  7602 | D:8      | Killed Maurice
  7627 | D:8      | Noticed Pikel
  7634 | D:8      | Killed Pikel
  7850 | D:8      | Reached skill level 18 in Axes
  7852 | D:8      | Reached skill level 1 in Stealth
  8130 | D:8      | Acquired 1170 gold pieces
  8365 | D:8      | Reached **** piety under Lugonu
  8422 | D:8      | Found a broken altar of Ashenzari.
  8915 | D:8      | Reached skill level 1 in Shields
  9166 | D:9      | Found Duih's Antique Weapon Emporium.
  9275 | D:9      | Identified the +1 pair of boots of the Iron City of Dis
                  | {+Inv rPois Will- Dex+6}
  9529 | D:9      | Found a snail-covered altar of Cheibriados.
  9535 | D:9      | Reached XP level 11. HP: 95/95 MP: 10/10
  9652 | D:10     | Entered Level 10 of the Dungeon
  9665 | D:10     | Noticed a deep troll
  9667 | D:10     | Noticed a two-headed ogre
  9678 | D:10     | Found a bloodstained altar of Trog.
  9678 | D:10     | Noticed Kenran's ghost (journeyman GrMo)
  9685 | D:10     | Found a transporter.
  9687 | D:10     | Found a transporter.
  9707 | D:10     | Noticed an angel
  9843 | D:10     | Found Byniuv's Hallowed Reliquary.
  9863 | D:10     | Found a staircase to the Lair.
 10121 | D:10     | Found a portal to a secret trove of treasure.
 10169 | D:10     | Found a staircase to the Orcish Mines.
 10287 | D:10     | Noticed Urug
 10296 | D:10     | Noticed a two-headed ogre
 10302 | D:10     | Killed Urug
 10308 | D:10     | Killed a two-headed ogre
 10309 | D:10     | Reached skill level 19 in Axes
 10698 | Lair:1   | Entered Level 1 of the Lair of Beasts
 10709 | Lair:1   | Reached ***** piety under Lugonu
 11083 | Lair:1   | Noticed a death yak
 11084 | Lair:1   | Noticed a death yak
 11085 | Lair:1   | Noticed a death yak
 11086 | Lair:1   | Noticed a death yak
 11091 | Lair:1   | Noticed a death yak
 11096 | Lair:1   | Killed a death yak
 11097 | Lair:1   | Reached skill level 5 in Throwing
 11105 | Lair:1   | Killed a death yak
 11114 | Lair:1   | Killed a death yak
 11121 | Lair:1   | Killed a death yak
 11122 | Lair:1   | Reached skill level 20 in Axes
 11125 | Lair:1   | Killed a death yak
 11126 | Lair:1   | Reached XP level 12. HP: 48/105 MP: 11/11
 11423 | Lair:1   | Noticed Maggie
 11434 | Lair:1   | Killed Maggie
 12010 | Lair:2   | Reached skill level 10 in Fighting
 12054 | Lair:2   | Noticed a catoblepas
 12062 | Lair:2   | Killed a catoblepas
 12345 | Lair:2   | Found a staircase to the Snake Pit.
 12378 | Lair:2   | Found a staircase to the Swamp.
 12472 | Lair:2   | Identified the +0 scale mail of Mala {+Inv rPois}
 12691 | Snake:1  | Entered Level 1 of the Snake Pit
 12691 | Snake:1  | Noticed a naga warrior
 12711 | Swamp:1  | Entered Level 1 of the Swamp
 12741 | Swamp:1  | Noticed a four-headed hydra
 12753 | Swamp:1  | Killed a nine-headed hydra
 12865 | Swamp:1  | Noticed Vudadgh's ghost (adept HuWr)
 12910 | Swamp:1  | Noticed an eleionoma
 12920 | Swamp:1  | Killed an eleionoma
 12928 | Swamp:1  | Acquired a +4 executioner's axe of flaming
 12933 | Swamp:1  | Reached skill level 21 in Axes
 13228 | Swamp:1  | Noticed Mlioglotl
 13233 | Swamp:1  | Noticed a starcursed mass
 13238 | Swamp:1  | Killed Mlioglotl
 13361 | Swamp:1  | Noticed an alligator
 13366 | Swamp:1  | Killed an alligator
 13477 | Swamp:1  | Identified Roxanne's Cyclopedia of the Mesa
 13477 | Swamp:1  | Noticed Roxanne
 13493 | Swamp:1  | HP: 1/110 [swamp worm/harpoon shot[a spriggan druid] (16)]
 13494 | Swamp:1  | Slain by a swamp worm

Illustrated notes

Levels and vault maps discovered:
D:1:      dpeg_arrival_simpleton_b, layout_rooms, minmay_distorted
D:2:      minmay_recursive_quarters, layout_loops_cross, serial_shops, shop,
          minmay_stone_trees_small
D:3:      layout_basic, lemuel_crystal_altar, mainiacjoe_overflow_alcove_4,
          grunt_temple_overflow_open, reono_crystal_passage,
          corexii_item_surrounded_by_moat, kennysheep_generic_room_3
D:4:      layout_basic, chequers_serial_rivers_small_b, skrybe_limestone_x,
          solitary_fountain, nicolae_shop_i_like_small_books_too,
          uniq_crazy_yiuf_cottage, uniq_grinder
D:5:      minmay_general_purpose_star, layout_loops_ring, lemuel_round_altar,
          mainiacjoe_overflow_two_lobes, serial_co_window_serial,
          co_window_of_opportunity_a, co_window_corner_a,
          co_window_of_opportunity_a, co_window_corner_a, co_window_paths_a,
          co_window_paths_b, co_window_corner_a, co_window_paths_c,
          co_window_of_opportunity_b, co_window_corner_b, co_window_corner_ca,
          co_window_2corner, co_window_paths_e, glass_columns_a,
          glass_columns_c, glass_columns_b, glass_columns_b, uniq_edmund,
          uniq_prince_ribbit1
D:6:      layout_basic, mainiacjoe_overflow_boulevard, lemuel_round_altar,
          minmay_temple_entry_offerings, ebering_ghost_disaster_area,
          minivault_22
D:7:      layout_rooms, mainiacjoe_overflow_six_doors_small,
          nicolae_overflow_hidden_temple, st_stairs_8, minmay_ruffians
D:8:      layout_basic, mainiacjoe_overflow_chevrons, corexii_leaking_fountain,
          uniq_pikel, uniq_maurice
D:9:      layout_rooms, chei_slow_surprise, serial_shops, shop_fountains,
          amcnicky_mini_corridor_feature
D:10:     layout_basic, lair_entry_dummy, minmay_orc_entry_guard_dogs,
          gammafunk_ghost_wrathful_warriors, nicolae_trove_entry_free_sample,
          nicolae_zen_rock_garden, nicolae_good_shop, uniq_urug
Temple:   corrupted_temple
Lair:1:   layout_chaotic_city, grunt_megastairs_1, uniq_maggie
Lair:2:   layout_cave_pods, skrybe_swamp_entry_bodies,
          minmay_snake_entry_guardpost_small, roderic_batcave,
          small_statue_intersection, grunt_megastairs_5
Swamp:1:  layout_basic_swamp, gammafunk_ghost_mausoleum, serial_swamp_ruin,
          evilmike_swamp_ruin_house_3, evilmike_swamp_ruin_house_5,
          evilmike_swamp_ruin_house_4, swamp_pool3, nicolae_swamp_vermiculated,
          uniq_roxanne, uniq_mlioglotl
Snake:1:  layout_chambers

Skill      XL: |  1  2  3  4  5  6  7  8  9 10 11 12 |
---------------+-------------------------------------+-----
Fighting       | 4 5 6 7 8 9 11 | 11.1
Axes           | 4 5 7 9 11 14 16 18 20 21 | 21.2
Dodging        | 4 5 |  5.9
Armour         | 1 2 3 5 6 7 9 |  9.9
Throwing       | 1 2 3 5 7 |  7.6
Stealth        | 1 |  1.5
Shields        | 1 2 3 |  3.1

Action                     |  1- 3 |  4- 6 |  7- 9 | 10-12 || total
---------------------------+-------+-------+-------+-------++-------
  Melee: Hand axe          |    70 |    73 |   133 |       ||   276
         Headbutt          |    16 |    19 |    66 |    88 ||   189
         Battleaxe         |       |       |   134 |   376 ||   510
         Unarmed           |       |       |       |     2 ||     2
         Executioner's axe |       |       |       |    24 ||    24
  Throw: Dart              |     1 |     3 |    25 |   182 ||   211
         Throwing net      |       |       |     1 |     5 ||     6
    Use: Scroll            |     2 |     7 |     2 |    27 ||    38
         Potion            |       |       |       |     4 ||     4
 Armour: Ring mail         |    22 |    10 |     4 |       ||    36
         Robe              |     2 |       |       |       ||     2
         Chain mail        |       |       |    76 |   135 ||   211
         Scale mail        |       |       |       |    43 ||    43
  Dodge: Dodged            |    48 |    47 |   111 |   142 ||   348
  Block: Other             |       |       |    15 |    61 ||    76
         Reflection        |       |       |     3 |     2 ||     5
